 Dungeon Crawl Stone Soup version 0.31.0-11-ge490571c62 (webtiles) character file.

Game seed: 8651701419767570658

120 qw the Skirmisher (level 4, 0/25 HPs)
             Began as a Deep Elf Hunter on Feb 5, 2024.
             Slain by an ice beast (2 damage)
             ... on level 4 of the Dungeon.
             The game lasted 00:00:40 (1110 turns).

qw the Skirmisher (Deep Elf Hunter)                 Turns: 1110, Time: 00:00:41

Health: 0/25       AC:  3    Str: 10    XL:     4   Next: 75%
Magic:  6/6        EV: 12    Int: 14    God:
Gold:   52         SH:  0    Dex: 18    Spells: 3/3 levels left

rFire   + . .        a - +0 shortbow
rCold   + . .        (shield currently unavailable)
rNeg    . . .        c - +0 leather armour
rPois   +            (no helmet)
rElec   +            (no cloak)
rCorr   +            (no gloves)
SInv    .            (no boots)
Will    .....        (no amulet)
Stlth   ++           (no ring)
HPRegen 0.24/turn    (no ring)
MPRegen 0.10/turn

%: no passive effects
@: about to teleport, resistant
A: no striking features
a: no special abilities


You were on level 4 of the Dungeon.
You visited 1 branch of the dungeon, and saw 3 of its levels.

You collected 52 gold pieces.


   Skills:
 - Level 1.5 Fighting
 + Level 8.2 Ranged Weapons
 - Level 2.4 Dodging
 - Level 1.2 Stealth


You had 3 spell levels left.
You didn't know any spells.
Your spell library was empty.

Inventory:

Hand Weapons
 a - a +0 shortbow (weapon)
Armour
 c - a +0 leather armour (worn)
 e - a +0 helmet
Scrolls
 d - a scroll of teleportation
Potions
 b - a potion of magic {unknown}
 f - a potion of cancellation {unknown}
 h - a potion of degeneration {unknown}

Dungeon Overview and Level Annotations

Branches:
Dungeon (2/15)

Altars:


Message History

Found a hand axe.
Waypoint 2 assigned to D:4.
An ice beast comes into view.
1095 ||| DRINKING potion of resistance.
You feel protected.
You shoot an arrow. The arrow closely misses the ice beast.
You shoot an arrow. The arrow hits the ice beast.
The ice beast is lightly wounded.
You shoot an arrow. The arrow hits the ice beast.
The ice beast is lightly wounded.
You shoot an arrow. The arrow hits the ice beast.
The ice beast is moderately wounded.
You shoot an arrow. The arrow closely misses the ice beast.
The ice beast hits you but does no damage.
You shoot an arrow. The arrow barely misses the ice beast.
The ice beast hits you. The ice beast freezes you. You resist.
You shoot an arrow. The arrow barely misses the ice beast.
The ice beast completely misses you.
You shoot an arrow. The arrow hits the ice beast.
The ice beast is heavily wounded.
The ice beast closely misses you.
You shoot an arrow. The arrow hits the ice beast.
The ice beast is severely wounded.
The ice beast completely misses you.
You shoot an arrow. The arrow closely misses the ice beast.
The ice beast hits you. The ice beast freezes you. You resist.
You shoot an arrow.
The arrow hits the ice beast but does no damage.
The ice beast is severely wounded.
The ice beast hits you but does no damage.
You shoot an arrow. The arrow hits the ice beast.
The ice beast is severely wounded.
The ice beast hits you. The ice beast freezes you. You resist.
1109 ||| READING 2 scrolls of teleportation.
As you read the scroll of teleportation, it crumbles to dust.
You feel strangely unstable. The ice beast hits you. The ice beast freezes you.
You resist.
You shoot an arrow. The arrow barely misses the ice beast.
The ice beast hits you.
You die...

.#........
.........
#....[...
#.....#..
.....$#
....# #..##
#.@.#
#..Y###.#..
#........).
#...#.#.#.
#...#.....
#.... #.#.
#...#. ...
#......###
#...# ##


You could see an ice beast.

Vanquished Creatures
  Robin (D:2)
  3 adders
  2 dart slugs
  6 bats
  2 endoplasms (D:1)
  2 giant cockroaches (D:1)
  14 goblins
  8 hobgoblins
  7 jackals
  3 quokkas
  7 ball pythons
  5 frilled lizards
  7 kobolds
  4 rats (D:1)
71 creatures vanquished.

Notes
Turn   | Place    | Note
-------+----------+-------------------------------------------
     0 | D:1      | qw the Deep Elf Hunter began the quest for the Orb.
     0 | D:1      | Reached XP level 1. HP: 12/12 MP: 3/3
     0 | D:1      | 0 ||| qw: Version: 0.3-a-160-g6735b56
     0 | D:1      | 0 ||| qw: Game counter: 6275
     0 | D:1      | 0 ||| qw: Melee chars always use a shield: true
     0 | D:1      | 0 ||| qw: God list: Okawaru
     0 | D:1      | 0 ||| qw: Allow faded altars: false
     0 | D:1      | 0 ||| qw: Do Orc after clearing Dungeon:15 true
     0 | D:1      | 0 ||| qw: Do second Lair branch before Depths: true
     0 | D:1      | 0 ||| qw: Lair rune preference: random
     0 | D:1      | 0 ||| qw: Goals: Normal
     0 | D:1      | 0 ||| PLANNING D:1-11
    34 | D:1      | Reached XP level 2. HP: 16/16 MP: 4/4
    36 | D:1      | Reached skill level 6 in Ranged Weapons
   173 | D:1      | Reached XP level 3. HP: 20/20 MP: 5/5
   360 | D:1      | Reached skill level 7 in Ranged Weapons
   380 | D:1      | 380 ||| READING 2 scrolls labelled SEVAGG TUNEPP.
   385 | D:1      | 385 ||| READING 2 scrolls labelled GYPA AQIWK.
   385 | D:1      | 385 ||| IDENTIFYING black potion
   386 | D:1      | 386 ||| READING scroll of identify.
   386 | D:1      | 386 ||| IDENTIFYING scroll labelled DITEBR NUIRGH
   387 | D:1      | 387 ||| DROPPING scroll of butterflies.
   388 | D:1      | 388 ||| DROPPING scroll of torment.
   394 | D:2      | 394 ||| STAIRDANCE
   452 | D:2      | 452 ||| STAIRDANCE
   576 | D:2      | Reached XP level 4. HP: 25/25 MP: 6/6
   643 | D:2      | 643 ||| FLEEEEING.
   644 | D:2      | 644 ||| FLEEEEING.
   646 | D:2      | 646 ||| FLEEEEING.
   647 | D:2      | 647 ||| FLEEEEING.
   648 | D:2      | 648 ||| FLEEEEING.
   649 | D:2      | 649 ||| FLEEEEING.
   650 | D:2      | 650 ||| FLEEEEING.
   651 | D:2      | 651 ||| FLEEEEING.
   652 | D:2      | 652 ||| FLEEEEING.
   656 | D:2      | 656 ||| FLEEEEING.
   657 | D:2      | 657 ||| FLEEEEING.
   658 | D:2      | 658 ||| FLEEEEING.
   659 | D:2      | 659 ||| FLEEEEING.
   660 | D:2      | 660 ||| FLEEEEING.
   661 | D:2      | 661 ||| FLEEEEING.
   662 | D:2      | 662 ||| FLEEEEING.
   663 | D:2      | 663 ||| FLEEEEING.
   664 | D:2      | 664 ||| FLEEEEING.
   665 | D:2      | 665 ||| STAIRDANCE
   697 | D:2      | 697 ||| STAIRDANCE
   870 | D:2      | Noticed Robin
   875 | D:2      | Killed Robin
   876 | D:2      | Reached skill level 8 in Ranged Weapons
  1092 | D:2      | You fall into a shaft and drop 2 floors!
  1094 | D:4      | Noticed an ice beast
  1095 | D:4      | 1095 ||| DRINKING potion of resistance.
  1108 | D:4      | HP: 5/25 [ice beast (3)]
  1109 | D:4      | 1109 ||| READING 2 scrolls of teleportation.
  1109 | D:4      | HP: 1/25 [ice beast (3)]
  1110 | D:4      | Slain by an ice beast

Levels and vault maps discovered:
D:1:      saegor_arrival_simple_b, layout_basic, minmay_tall_x
D:2:      layout_rooms, shapermc_ecumenical_altar_flowoftime,
          nicolae_hexahallways, roderic_cross_of_infinity,
          nicolae_twisty_statue_hallways, uniq_robin
D:4:      layout_rooms, chei_slow_surprise, serial_glass, glass_columns_a,
          glass_columns_a, glass_columns_a, glass_columns_a, glass_columns_b,
          glass_columns_b, serial_shops, shop, chequers_serial_rivers_micro_d,
          minmay_small_thing

Skill      XL: |  1  2  3  4 |
---------------+-------------+-----
Ranged Weapons | 6 7 8 |  8.2
Fighting       | |  1.5
Dodging        | |  2.4
Stealth        | |  1.2

Action                     |  1- 3 |  4- 6 || total
---------------------------+-------+-------++-------
   Fire: Shortbow          |   105 |    93 ||   198
    Use: Scroll            |     3 |     1 ||     4
         Potion            |       |     1 ||     1
 Armour: Leather armour    |    25 |    41 ||    66
  Dodge: Dodged            |    36 |    39 ||    75

Table legend:
 A = Non-vault XP
 B = Vault XP
 C = Vault XP percentage of total XP
 D = Non-vault monster count
 E = Vault monster count
 F = Vault count percentage of total count
                 A         B        C        D         E       F
            +---------+---------+-------+---------+---------+-------
      Total |     129 |      43 |  25.0 |      54 |      17 |  23.9
            +---------+---------+-------+---------+---------+-------
        D:1 |      86 |       7 |   7.5 |      38 |       5 |  11.6
        D:2 |      43 |      36 |  45.6 |      16 |      12 |  42.9
            +---------+---------+-------+---------+---------+-------
